 Dungeon Crawl Stone Soup version 0.27-a0-362-g8331d791d5 (webtiles) character file.

Game seed: 5440282730555909887

14469 Chiseanne the Fighter (level 11, -1/93 HPs)
             Began as a Demonspawn Wanderer on Feb 16, 2021.
             Was an Initiate of Gozag.
             Slain by Frances
             ... wielding a +0 flail
              (8 damage)
             ... on level 12 of the Dungeon.
             The game lasted 00:27:20 (10808 turns).

Chiseanne the Fighter (Demonspawn Wanderer)        Turns: 10808, Time: 00:27:21

Health: -1/93      AC: 18    Str: 24    XL:     11   Next: 89%
Magic:  0/11       EV:  9    Int: 12    God:    Gozag
Gold:   957        SH: 30    Dex: 19    Spells: 10/10 levels left

rFire    + + .     SeeInvis .   a - +7 mace "Qirghops" {elec, rC+ Str+4 Stlth-}
rCold    + + .     Faith    .   b - +18 shield of the Gong {rElec rN+ Will+ EV-5}
rNeg     + + .     Spirit   +   s - +2 scale mail {rC+}
rPois    .         Reflect  .   c - +1 helmet
rElec    +         Harm     .   (no cloak)
rCorr    .         Rampage  .   p - +1 pair of gloves of Old and Reckless {rN+ Dex+3}
Will     +....                  u - +1 pair of boots
Stlth    ..........             E - amulet of guardian spirit
HPRegen  0.25/turn              x - ring "Juheik" {rF++ Str+6}
MPRegen  0.12/turn              (no ring)

@: silence, hasted, very quick
A: talons 1, demonic guardian 2, spiny 1, sturdy frame 2
a: Renounce Religion


You were on level 12 of the Dungeon.
You worshipped Gozag.
Gozag was pleased with you.
You visited 1 branch of the dungeon, and saw 12 of its levels.

You collected 2610 gold pieces.
You spent 432 gold pieces at shops.
You paid 1221 gold pieces to Gozag.

Inventory:

Hand Weapons
 a - the +7 mace "Qirghops" (weapon) {elec, rC+ Str+4 Stlth-}
   (You found it on level 5 of the Dungeon)

   Occasionally, upon striking a foe, it can discharge electrical energy and
   cause terrible harm.
   It affects your strength (+4).
   It protects you from cold.
   It makes you less stealthy.
 y - a +3 scimitar
 B - a +1 war axe of flaming
 F - a +1 dagger of venom
Missiles
 d - 12 boomerangs
 e - 101 sling bullets
 g - 5 throwing nets
 h - 258 arrows
 k - 124 stones
 l - 73 bolts
 o - 3 silver javelins (quivered)
 q - 7 poisoned darts
 G - 4 boomerangs of dispersal
Armour
 b - the +18 shield of the Gong (worn) {rElec rN+ Will+ EV-5}
   (You found it on level 7 of the Dungeon)

   It affects your evasion (-5).
   It insulates you from electricity.
   It protects you from negative energy.
   It affects your willpower, your defense against some magical effects.
 c - a +1 helmet (worn)
 p - the +1 pair of gloves of Old and Reckless (worn) {rN+ Dex+3}
   (You bought it in a shop on level 9 of the Dungeon)

   It affects your dexterity (+3).
   It protects you from negative energy.
 s - a +2 scale mail of cold resistance (worn)
 u - a +1 pair of boots (worn)
Jewellery
 x - the ring "Juheik" (left hand) {rF++ Str+6}
   (You found it on level 7 of the Dungeon)

   [ring of strength]

   It affects your strength (+6).
   It greatly protects you from fire.
 E - an amulet of guardian spirit (around neck)
 H - a ring of fire
 K - a +6 ring of strength {unknown}
Wands
 C - a wand of acid (7)
 D - a wand of charming (11)
 I - a wand of flame (3)
Scrolls
 i - 3 scrolls of fog
 n - a scroll of magic mapping
 r - 3 scrolls of teleportation
 v - a scroll of enchant weapon
Potions
 j - 5 potions of curing
 m - 3 potions of flight {unknown}
 t - a potion of might {unknown}
 w - 3 potions of haste
 z - a potion of mutation {unknown}
 A - a potion of brilliance
 L - 2 potions of resistance {unknown}


   Skills:
 * Level 11.1 Fighting
 - Level 2.6 Long Blades
 - Level 5.0 Maces & Flails
 - Level 1.0 Throwing
 * Level 9.9 Armour
 - Level 5.6 Dodging
 - Level 1.7 Stealth
 * Level 8.0 Shields


You had 10 spell levels left.
You didn't know any spells.
Your spell library contained the following spells:

 Spells                   Type           Power        Failure   Level
 Beastly Appendage        Tmut           0%           71%         1
 Sandblast                Erth           0%           71%         1
 Passwall                 Tmut/Erth      0%           85%         2
 Wereblood                Tmut           0%           85%         2
 Spider Form              Tmut/Pois      0%           97%         3
 Stone Arrow              Conj/Erth      0%           97%         3
 Ice Form                 Ice/Tmut       0%           100%        4
 Petrify                  Tmut/Erth      0%           100%        4
 Blade Hands              Tmut           0%           100%        5
 Irradiate                Conj/Tmut      0%           100%        5
 Lee's Rapid Deconstruct  Erth           0%           100%        5
 Hydra Form               Tmut           0%           100%        6
 Statue Form              Tmut/Erth      0%           100%        6
 Dragon Form              Tmut           0%           100%        7


Dungeon Overview and Level Annotations

Branches:
Dungeon (12/15)            Temple (0/1) D:5            Lair (0/6) D:10
    Orc (0/2) D:11

Altars:
Ashenzari
Cheibriados
Dithmenos
Elyvilon
Fedhas
Gozag
Okawaru
Uskayaw

Shops:
D:7 *   D:9 [   D:11 [

Annotations:
D:3 Sigmund
D:5 Ijyb
D:12 Frances


Innate Abilities, Weirdness & Mutations

You have sharp toenails.
A demonic guardian rushes to your aid.
You are partially covered in sharp spines.
Your movements are less encumbered by armour. (ER -4)


Message History

You block Frances's attack.
GONNNNG!
The orange demon stings you but does no damage.
You closely miss Frances.
Frances is almost dead.
The hellwing closely misses your hellwing.
The hellwing hits your hellwing.
The smoke demon hits you but does no damage.
You block the smoke demon's attack.
GONNNNG!
The smoke demon closely misses you.
An orc warrior comes into view.
It is wielding a +0 dire flail of venom.
Frances howls an indescribable curse.
Frances hits you but does no damage.
Your hellwing hits the hellwing but does no damage.
Your hellwing barely misses the hellwing.
The orange demon stings you but does no damage.
You hit Frances.
Frances is almost dead.
The hellwing hits your hellwing!
The hellwing barely misses your hellwing.
The smoke demon hits you but does no damage. x2
You block the smoke demon's attack.
BOUMMMMG!
Frances hits you with a +0 flail!
* * * LOW HITPOINT WARNING * * *
You block the two-headed ogre's attack.
GONNNNG!
The two-headed ogre barely misses you.
You hear a shout!
As you read the scroll of silence, it crumbles to dust.
A profound silence engulfs you. You block the orange demon's attack.
Your hellwing hits the hellwing but does no damage. x2
The hellwing misses your hellwing.
The hellwing hits your hellwing but does no damage.
You open the door. Your sixfirhy hits the hellwing.
Your sixfirhy shocks the hellwing!
Frances is struck by your spines. Frances hits you with a +0 flail!
You die...
Your body crumbles into a pile of gold.

#### ############ #.).
#..........########...
#....$................
#....$###+###.#######.
#..3O4#.....#.# #.
#...4@'.....#.# #.
#...3@#.....#.# #.
#....4# ....#.. #.
#.....# ...#.. #.
#.....# ..#.. #.
#.....# .# #. #....o#
# #. #...... #.
######.


You could see Frances (fast), a two-headed ogre, an orange demon (summoned), a
hellwing (summoned, ally target), a smoke demon (summoned), an orc warrior, a
friendly hellwing (summoned) and a friendly sixfirhy (summoned).

Vanquished Creatures
  Snorg (D:10)
  Harold (D:7)
  A boulder beetle (D:11)
  A two-headed ogre (D:10)
  A centaur warrior (D:10)
  An unseen horror (D:11)
  Pikel (D:8)
  A cyclops (D:11)
  Maggie (D:9)
  A gargoyle (D:10)
  Psyche (D:8)
  A komodo dragon (D:10)
  2 trolls
  5 yaks (D:10)
  A human (D:11)
  Grum (D:10)
  A steam dragon (D:11)
  2 vampire mosquitoes (D:12)
  3 wargs (D:10)
  12 orc warriors
  2 ice beasts
  2 sky beasts
  A necrophage (D:6)
  4 ogres
  9 centaurs
  2 wolves (D:10)
  3 phantoms
  3 bullfrogs (D:10)
  Blork the orc (D:5)
  A kobold brigand (D:7)
  2 gnoll sergeants
  A wyvern skeleton (D:10)
  A scorpion (D:10)
  9 wights
  6 howler monkeys
  9 orc priests
  4 jellies
  A bullfrog skeleton (D:7)
  3 centaur skeletons
  6 hounds
  10 orc wizards
  7 worker ants
  A hound zombie (D:10)
  2 hound skeletons
  A howler monkey zombie (D:6)
  Robin (D:2)
  A worker ant zombie (D:6)
  9 gnolls
  5 adders
  2 shadow imps
  2 white imps
  2 ufetubi (D:10)
  3 oozes
  3 worms
  2 dart slugs
  3 leopard geckos
  40 orcs
  4 giant cockroaches
  14 goblins
  6 hobgoblins
  2 jackals
  A quokka (D:10)
  7 bats
  2 frilled lizards (D:1)
  8 kobolds
  2 quokka skeletons
  5 rats
254 creatures vanquished.

Vanquished Creatures (collateral kills)
  A boulder beetle (D:11)
  A manticore (D:11)
  An orc priest (D:11)
  A centaur skeleton (D:7)
  4 orcs (D:11)
8 creatures vanquished.

Vanquished Creatures (others)
  A wyvern (D:8)
  A sky beast (D:10)
  A leopard gecko (D:9)
  A quokka (D:9)
4 creatures vanquished.

Grand Total: 266 creatures vanquished

Notes
Turn   | Place    | Note
-------+----------+-------------------------------------------
     0 | D:1      | Chiseanne the Demonspawn Wanderer began the quest for the
                  | Orb.
     0 | D:1      | Chiseanne set off with the following items: a +2 falchion,
                  | a +0 ring mail, a potion of lignification, a +0 dagger
     0 | D:1      | Reached XP level 1. HP: 18/18 MP: 1/1
   269 | D:1      | Gained mutation: A weak demonic guardian rushes to your
                  | aid. [demonic ancestry]
   269 | D:1      | Reached XP level 2. HP: 19/24 MP: 2/2
   456 | D:2      | Noticed Robin
   520 | D:2      | Reached skill level 1 in Dodging
   899 | D:2      | Killed Robin
   900 | D:2      | Gained mutation: Your movements are slightly less
                  | encumbered by armour. (ER -2) [demonic ancestry]
   900 | D:2      | Reached XP level 3. HP: 29/29 MP: 3/3
  1093 | D:1      | You fall into a shaft and drop 1 floor!
  1219 | D:2      | Found a broken altar of Ashenzari.
  1222 | D:2      | Gained mutation: Your movements are less encumbered by
                  | armour. (ER -4) [demonic ancestry]
  1222 | D:2      | Reached XP level 4. HP: 37/37 MP: 4/4
  1826 | D:4      | Reached skill level 4 in Fighting
  2073 | D:3      | Noticed Sigmund
  2429 | D:3      | Found an opulent altar of Gozag.
  2450 | D:3      | Became a worshipper of Gozag Ym Sagoz the Greedy
  2454 | D:3      | Gained mutation: You are partially covered in sharp spines.
                  | [demonic ancestry]
  2454 | D:3      | Reached XP level 5. HP: 32/42 MP: 5/5
  2544 | D:4      | Noticed an ogre
  2585 | D:4      | Killed an ogre
  2839 | D:4      | Noticed a centaur
  2846 | D:4      | Killed a centaur
  2847 | D:4      | Reached XP level 6. HP: 22/49 MP: 6/6
  3453 | D:4      | Found an iron altar of Okawaru.
  3458 | D:4      | Reached skill level 5 in Fighting
  3724 | D:5      | Entered Level 5 of the Dungeon
  3743 | D:5      | Noticed a +0 hand axe
  3746 | D:5      | Noticed a +0 dagger
  3779 | D:5      | Found a hide-covered altar of Uskayaw.
  3783 | D:5      | Noticed Blork the orc
  3797 | D:5      | Killed Blork the orc
  3798 | D:5      | Gained mutation: A demonic guardian rushes to your aid.
                  | [demonic ancestry]
  3798 | D:5      | Reached XP level 7. HP: 20/56 MP: 7/7
  4007 | D:5      | Found a shadowy altar of Dithmenos.
  4076 | D:5      | Found a snail-covered altar of Cheibriados.
  4116 | D:5      | Found a staircase to the Ecumenical Temple.
  4149 | D:5      | Found a blossoming altar of Fedhas.
  4227 | D:5      | Noticed Ijyb
  4470 | D:6      | Noticed a boulder beetle
  4707 | D:6      | Reached skill level 6 in Fighting
  4821 | D:6      | Reached XP level 8. HP: 64/64 MP: 8/8
  4852 | D:5      | Got a smouldering mace
  4854 | D:5      | Identified the +7 mace "Qirghops" {elec, rC+ Str+4 Stlth-}
                  | (You found it on level 5 of the Dungeon)
  5051 | D:7      | Reached skill level 1 in Maces & Flails
  5051 | D:7      | Reached skill level 5 in Armour
  5081 | D:7      | Noticed Harold
  5110 | D:7      | Killed Harold
  5111 | D:7      | Reached skill level 7 in Fighting
  5111 | D:7      | Reached skill level 5 in Dodging
  5358 | D:7      | Found the +18 shield of the Gong {rElec rN+ Will+ EV-5}
  5478 | D:7      | Found Hiddeth's General Store.
  5530 | D:7      | Got a heavily runed steel ring
  5640 | D:7      | Reached XP level 9. HP: 72/72 MP: 9/9
  5844 | D:8      | Noticed Pikel
  5848 | D:8      | Reached skill level 1 in Shields
  5853 | D:8      | Killed Pikel
  5960 | D:8      | Noticed Psyche
  5997 | D:8      | Killed Psyche
  6486 | D:9      | Reached skill level 8 in Fighting
  6730 | D:9      | Identified the ring "Juheik" {rF++ Str+6} (You found it on
                  | level 7 of the Dungeon)
  7019 | D:9      | Noticed Maggie
  7032 | D:9      | Killed Maggie
  7033 | D:9      | Reached XP level 10. HP: 47/81 MP: 10/10
  7220 | D:9      | Reached skill level 5 in Maces & Flails
  7290 | D:9      | Found a white marble altar of Elyvilon.
  7517 | D:10     | Entered Level 10 of the Dungeon
  7533 | D:10     | Noticed Snorg
  7553 | D:9      | Bought the +1 pair of gloves of Old and Reckless {rN+
                  | Dex+3} for 432 gold pieces
  7560 | D:10     | Noticed Grum
  7565 | D:10     | Killed Grum
  7604 | D:10     | Noticed a two-headed ogre
  7606 | D:10     | Got a crude ring mail
  7619 | D:10     | Killed a two-headed ogre
  7630 | D:10     | Reached skill level 9 in Fighting
  7814 | D:10     | Reached skill level 5 in Shields
  8129 | D:10     | Killed Snorg
  8130 | D:10     | Gained mutation: You have sharp toenails. [demonic
                  | ancestry]
  8130 | D:10     | Reached XP level 11. HP: 19/90 MP: 4/11
  8432 | D:10     | Found a staircase to the Lair.
  9044 | D:10     | Identified the +3 ring mail "Boeqyut" {*Slow rC+++ Will-
                  | MP+9} (You found it on level 10 of the Dungeon)
  9076 | D:11     | Reached skill level 10 in Fighting
  9078 | D:11     | Noticed a centaur warrior
  9285 | D:10     | Killed a centaur warrior
  9538 | D:11     | Found a staircase to the Orcish Mines.
  9611 | D:11     | Noticed a boulder beetle
  9612 | D:11     | Found Peti's Armour Shop.
  9962 | D:11     | Killed a boulder beetle
 10221 | D:11     | Noticed a boulder beetle
 10232 | D:11     | Killed a boulder beetle
 10466 | D:11     | Killed an unseen horror
 10467 | D:11     | Reached skill level 11 in Fighting
 10629 | D:11     | Found a snail-covered altar of Cheibriados.
 10781 | D:12     | Noticed Frances
 10796 | D:12     | Noticed a two-headed ogre
 10808 | D:12     | Slain by Frances

Illustrated notes

Levels and vault maps discovered:
D:1:      tarquinn_simple_flora_water_c, layout_basic, minmay_box_of_dots
D:2:      layout_rooms, lemuel_round_altar, uniq_robin
D:3:      layout_loops_ring, lemuel_zombie_altar_yredelemnul,
          nicolae_gozag_cash_rules_everything_around_me,
          overflow_temple_1_default, uniq_sigmund
D:4:      layout_basic, okawaru_altar_gauntlet_db, kennysheep_generic_room_15
D:5:      layout_cave_pods, lemuel_round_altar, dancing_weapons_uskayaw,
          nicolae_dithmenos_shadow_blocks, minmay_temple_entry_stoned_glass,
          basic_altar, uniq_blork_the_orc, uniq_ijyb
D:6:      hangedman_cross_stitches, layout_loops_cross, xom_redecorated,
          gammafunk_ghost_mausoleum
D:7:      layout_basic, serial_shops, shop_statue, uniq_harold
D:8:      layout_basic, led_sif_book, uniq_psyche, uniq_pikel
D:9:      layout_stronghold, elyvilon_altar_4, uniq_maggie
D:10:     layout_loops_ring, erik_lair_orcish_takeover, serial_rivers,
          chequers_serial_rivers_micro_d, chequers_serial_rivers_small_3,
          chequers_serial_rivers_room_a, chequers_serial_rivers_room_a,
          chequers_serial_rivers_micro_a, uniq_grum, uniq_snorg
D:11:     layout_roguey [special_room_orc], erik_orc_4, basic_altar,
          serial_shops, nicolae_shop_trees
D:12:     layout_irregular_city, uniq_frances

Skill      XL: |  1  2  3  4  5  6  7  8  9 10 11 |
---------------+----------------------------------+-----
Dodging        | 1 2 3 4 5 |  5.6
Armour         | 2 3 4 5 7 8 9 |  9.9
Fighting       | 4 5 6 7 8 9 11 | 11.1
Maces & Flails | 3 4 5 |  5.0
Shields        | 3 6 8 |  8.0
Long Blades    | |  2.6
Throwing       | |  1.0
Stealth        | |  1.7

Action                   |  1- 3 |  4- 6 |  7- 9 | 10-12 || total
-------------------------+-------+-------+-------+-------++-------
Melee: Falchion          |    72 |   136 |    53 |       ||   261
       Mace              |       |       |   146 |   398 ||   544
       Dagger            |       |       |       |     9 ||     9
Throw: Stone             |       |     7 |     2 |     5 ||    14
       Throwing net      |       |       |     1 |       ||     1
       Javelin           |       |       |       |     3 ||     3
Invok: Potion Petition   |       |       |       |     1 ||     1
       Call Merchant     |       |       |       |     1 ||     1
Evoke: Wand              |       |       |       |     6 ||     6
  Use: Potion            |     3 |     1 |     2 |     3 ||     9
       Scroll            |       |     9 |     9 |     5 ||    23
 Stab: Sleeping          |       |     3 |     4 |       ||     7
       Distracted        |       |     1 |     1 |     3 ||     5
       Held in net/web   |       |       |     1 |       ||     1
       Invisible         |       |       |       |     1 ||     1
Armor: Ring mail         |    38 |    50 |    18 |       ||   106
       Skin              |     8 |       |       |       ||     8
       Scale mail        |       |       |    47 |   123 ||   170
Dodge: Dodged            |    63 |   117 |    78 |    69 ||   327
Block: Kite shield       |       |       |   211 |   630 ||   841
       Rpst.: Falchion   |    21 |    31 |    10 |       ||    62

Table legend: (Time is in decaauts)
 A = Elapsed time spent in this place.
 B = Non-inter-level travel time spent in this place.
 C = Inter-level travel time spent in this place.
 D = Time resting spent in this place.
 E = Time spent auto-exploring this place.
 F = Levels seen in this place.
 G = Mean time per level.
                   A        B        C        D        E       F      G
               +--------+--------+--------+--------+--------+-----+--------+
         Total |  11075 |  10814 |    261 |   3232 |   4553 |  12 |  922.9 |
       Dungeon |  11075 |  10814 |    261 |   3232 |   4553 |  12 |  922.9 |
               +--------+--------+--------+--------+--------+-----+--------+

Top non-repeatable levels by time:
     D:4: 2069 daAuts
    D:10: 1910 daAuts
    D:11: 1398 daAuts
     D:9: 1239 daAuts
     D:1: 927 daAuts
     D:7: 889 daAuts
     D:5: 615 daAuts
     D:6: 608 daAuts
     D:8: 565 daAuts
     D:2: 560 daAuts
     D:3: 210 daAuts
    D:12: 80 daAuts
